 Dungeon Crawl Stone Soup version 0.27.1-3-gb3d3a73c9e (webtiles) character file.

Game seed: 15209654628282391763

177 raph the Digger (level 5, 0/28 HPs)
             Began as a Gargoyle Earth Elementalist on Oct 29, 2021.
             Slain by an orc (5 damage)
             ... on level 3 of the Dungeon.
             The game lasted 00:05:30 (3143 turns).

raph the Digger (Gargoyle Earth Elementalist)       Turns: 3143, Time: 00:05:31

Health: 0/28       AC:  6    Str: 12    XL:     5   Next: 57%
Magic:  0/8        EV: 11    Int: 16    God:
Gold:   42         SH:  0    Dex: 10    Spells: 3/9 levels left

rFire    . . .     SeeInvis .   a - +0 whip
rCold    + . .     Faith    .   (no shield)
rNeg     + . .     Spirit   .   h - +0 robe
rPois    ∞         Reflect  .   (no helmet)
rElec    +         Harm     .   (no cloak)
rCorr    .         Rampage  .   (no gloves)
Will     .....                  (no boots)
Stlth    ++........             (no amulet)
HPRegen  0.09/turn              i - ring of protection from cold
MPRegen  0.11/turn              (no ring)

@: no status effects
A: sickness immunity, AC +4, negative energy resistance 1, electricity
resistance, torment resistance 1, petrification resistance
a: no special abilities


You were on level 3 of the Dungeon.
You visited 1 branch of the dungeon, and saw 3 of its levels.

You collected 92 gold pieces.
You spent 50 gold pieces at shops.

Inventory:

Hand Weapons
 a - a +0 whip (weapon)
Missiles
 c - 23 stones
 g - 8 curare-tipped darts
Armour
 h - a +0 robe (worn)
Magical Staves
 b - a staff of earth
Jewellery
 i - a ring of protection from cold (left hand)
Scrolls
 d - a scroll of enchant weapon {unknown}
 l - a scroll of teleportation
Potions
 e - 3 potions of heal wounds
 f - a potion of flight
 k - a potion of invisibility {unknown}
 m - a potion of brilliance {unknown}
 p - a potion of cancellation


   Skills:
 - Level 1.5 Dodging
 - Level 2.1 Stealth
 + Level 2.5 Spellcasting
 * Level 2.6 Conjurations
 - Level 0.7 Transmutations
 * Level 6.1 Earth Magic


You had 3 spell levels left.
You knew the following spells:

 Your Spells              Type           Power      Damage    Failure   Level
a - Sandblast             Erth           42%        2d11      1%          1
b - Passwall              Tmut/Erth      10%        N/A       8%          2
c - Stone Arrow           Conj/Erth      32%        3d9       10%         3

Your spell library contained the following spells:

 Spells                   Type           Power      Damage    Failure   Level
 Call Canine Familiar     Summ           2%         N/A       52%         3
 Portal Projectile        Hex/Tloc       4%         N/A       52%         3
 Petrify                  Tmut/Erth      13%        N/A       43%         4
 Leda's Liquefaction      Hex/Erth       5%         N/A       50%         4


Dungeon Overview and Level Annotations

Branches:
Dungeon (3/15)

Altars:

Shops:
D:1 !


Innate Abilities, Weirdness & Mutations

You are immune to sickness and miasma.
Your stone body is resilient. (AC +4)
You are immune to poison.
You resist negative energy. (rN+)
You are resistant to electric shocks. (rElec)
You are resistant to unholy torment.
You are immune to petrification.


Message History

You are too injured to fight recklessly!
The orc hits you but does no damage.
The orc throws a stone.
The stone closely misses you.
You hit the orc but do no damage.
The orc is heavily wounded.
The orc barely misses you.
You hit the orc.
The orc is severely wounded.
The orc hits you with a +0 dagger of venom.
You hit the orc.
You kill the orc!
You closely miss the orc. The orc hits you but does no damage.
You hit the orc.
The orc is severely wounded.
The orc closely misses you.
You barely miss the orc.
The orc is severely wounded.
The orc hits you with a +0 mace. x2
* * * LOW HITPOINT WARNING * * *
You hit the orc.
The orc is almost dead.
The orc closely misses you.
Aiming: Sandblast (safe; 1% risk of failure)
Press: ? - help, Q - select action, (/) - cycle Shift-Dir - straight line, f - orc
Aim: an orc, wielding a +0 mace (almost dead, 81% to hit)
The blast of sand hits the orc!
You kill the orc!
Aiming: Sandblast (safe; 1% risk of failure)
Press: ? - help, Q - select action, (/) - cycle Shift-Dir - straight line, f - orc
Aim: an orc, wielding a +0 falchion, wearing a +0 ring mail and quivering stones (83% to hit)
The blast of sand hits the orc.
The orc is lightly wounded.
The orc throws a stone.
The stone closely misses you.
Aiming: Sandblast (safe; 1% risk of failure)
Press: ? - help, Q - select action, (/) - cycle Shift-Dir - straight line, f/p - orc
Aim: an orc, wielding a +0 falchion, wearing a +0 ring mail and quivering stones (lightly wounded, 83% to hit)
The blast of sand hits the orc.
The orc is moderately wounded.
The orc hits you with a +0 falchion.
You die...

....o.#.##..... ..
#.....o........# .#..
#.......###.##.# o.#
###......##.[....##..........
#.........##.#..............#.
#.........#o.######.......[.#.
#.........#)###............##.
#.........#)###.###........###
#...........o@................
#.........#.##.#.......#..####
#>........#.##.#.......#......
#.........#.##.#.......##..##.
#.........#.#..#.......###))..
###...####....#.............##
#.#.......##..###########..)
#####.#.#####....## ##..
##...#...## ###### #..


You could see an orc.

Vanquished Creatures
  2 orc priests (D:3)
  4 adders
  A worm (D:2)
  2 dart slugs (D:1)
  12 orcs (D:3)
  6 endoplasms
  A giant cockroach (D:1)
  3 goblins
  6 hobgoblins
  3 quokkas
  6 ball pythons
  5 bats
  2 frilled lizards
  3 kobolds
  7 rats
63 creatures vanquished.

Notes
Turn   | Place    | Note
-------+----------+-------------------------------------------
     0 | D:1      | raph the Gargoyle Earth Elementalist began the quest for
                  | the Orb.
     0 | D:1      | Reached XP level 1. HP: 10/10 MP: 3/3
   282 | D:1      | Reached skill level 4 in Earth Magic
   288 | D:1      | Reached XP level 2. HP: 15/15 MP: 0/5
   837 | D:1      | Found Uluzar's Distillery.
   842 | D:1      | Learned a level 2 spell: Passwall
   875 | D:1      | Reached XP level 3. HP: 19/19 MP: 3/6
   939 | D:1      | Reached skill level 5 in Earth Magic
  1142 | D:1      | Bought a potion of heal wounds for 50 gold pieces
  1209 | D:2      | Learned a level 3 spell: Stone Arrow
  1553 | D:2      | Reached skill level 1 in Conjurations
  1553 | D:2      | Reached XP level 4. HP: 10/24 MP: 4/7
  2752 | D:3      | Reached XP level 5. HP: 10/28 MP: 1/8
  3114 | D:3      | Reached skill level 6 in Earth Magic
  3143 | D:3      | Slain by an orc

Illustrated notes

Levels and vault maps discovered:
D:1:      saegor_arrival_simple_e, layout_loops_cross, serial_forest,
          infiniplex_forest_clump_curved, infiniplex_forest_corner_1,
          infiniplex_forest_clump_medium, infiniplex_forest_lined_1,
          infiniplex_forest_corner_2, infiniplex_forest_clump_tiny,
          infiniplex_forest_diagonal, infiniplex_forest_fountain,
          infiniplex_forest_fountain, serial_shops, nicolae_shop_crystal
D:2:      layout_loops_cross, minivault_24, minmay_ruptured
D:3:      layout_rooms, ebering_ecumenical_altar_mist

Skill      XL: |  1  2  3  4  5 |
---------------+----------------+-----
Earth Magic    | 4 5 6 |  6.1
Conjurations   | 1 2 |  2.6
Dodging        | |  1.5
Stealth        | |  2.1
Spellcasting   | |  2.5
Transmutations | |  0.7

Action                   |  1- 3 |  4- 6 || total
-------------------------+-------+-------++-------
Melee: Whip              |    25 |    27 ||    52
       Staff             |    17 |     2 ||    19
 Cast: Sandblast         |    28 |    33 ||    61
       Stone Arrow       |       |    12 ||    12
  Use: Scroll            |       |     6 ||     6
Armor: Robe              |    23 |    15 ||    38
Dodge: Dodged            |    35 |    27 ||    62
